 Dungeon Crawl Stone Soup version 0.31-a0-986-g5e6e4ef867 (webtiles) character file.

Game seed: 1153215358571386131

17890 Xavori the Nimble (level 12, -1/88 HPs)
             Began as a Djinni Chaos Knight on Nov 15, 2023.
             Was a Plaything of Xom.
             Slain by a cane toad (8 damage)
             ... on level 2 of the Lair of Beasts.
             The game lasted 00:17:40 (14857 turns).

Xavori the Nimble (Djinni Chaos Knight)            Turns: 14857, Time: 00:17:41

Health: -1/88      AC: 11    Str: 15    XL:     12   Next: 88%
Gold:   743        EV: 16    Int: 15    God:    Xom [..*...] SH:  5 Dex: 15

rFire   + + +        s - +8 long sword "Riderch" {chaos, Will++ rCorr}
rCold   x . .        L - +0 buckler
rNeg    . . .        b - +2 leather armour
rPois   ∞            (helmet restricted)
rElec   +            E - +0 cloak
rCorr   +            m - +2 pair of gloves
SInv    .            (boots unavailable)
Will    +++++        G - amulet of the acrobat
Stlth   +            (no ring)
HPRegen 0.34/turn    (no ring)
MPRegen 0.00/turn

%: acrobat, clarity, infuse magic (-2 HP)
@: flying
A: sickness immunity, fire resistance 3, cold vulnerability 1, float, innate
caster, HP casting, extra vitality 1, horns 1, clarity, strong-willed 2,
mutation resistance 1, passive freeze, shaggy fur 1, electricity resistance,
strong 1, teleportitis 1, wild magic 3, MP-powered wands
a: Renounce Religion


You were on level 2 of the Lair of Beasts.
You worshipped Xom.
You were a toy of Xom.
You visited 2 branches of the dungeon, and saw 12 of its levels.
You visited the Abyss 1 time.
You also visited: Ossuary.

You collected 743 gold pieces.

Inventory:

Hand Weapons
 s - the +8 long sword "Riderch" (weapon) {chaos, Will++ rCorr}
   (Xom gifted it to you on level 6 of the Dungeon)

   Will++:    It greatly increases your willpower.
   rCorr:     It protects you from acid and corrosion.
Armour
 b - a +2 leather armour (worn)
 m - a +2 pair of gloves (worn)
 n - a +0 hat
 r - a +2 helmet
 A - +0 steam dragon scales
 E - a +0 cloak (worn)
 L - a +0 buckler (worn)
Jewellery
 G - an amulet of the acrobat (around neck)
Wands
 l - a wand of iceblast (20)
 t - a wand of flame (32)
 H - a wand of charming (12)
 J - a wand of mindburst (11)
 K - a wand of acid (11)
Scrolls
 a - a scroll of poison
 c - a scroll of butterflies
 f - 6 scrolls of teleportation
 h - 5 scrolls of fear
 k - 3 scrolls of enchant armour
 o - 3 scrolls of enchant weapon
 p - 2 scrolls of torment
 u - 4 scrolls of vulnerability
 w - a scroll of noise
 D - 4 scrolls of immolation
 F - a scroll of revelation
 I - 6 scrolls of identify
Potions
 d - a potion of attraction {unknown}
 e - 5 potions of heal wounds {unknown}
 g - 2 potions of lignification {unknown}
 i - 2 potions of mutation
 j - 5 potions of haste {unknown}
 q - 6 potions of curing
 v - 2 potions of might {unknown}
 x - a potion of cancellation {unknown}
 z - 3 potions of degeneration {unknown}
 B - a potion of enlightenment {unknown}
 C - 2 potions of invisibility {unknown}
 M - 8 potions of ambrosia


   Skills:
 + Level 8.9 Fighting
 + Level 8.1 Long Blades
 + Level 8.4 Armour
 + Level 9.4 Dodging
 + Level 5.2 Shields
 * Level 7.8 Spellcasting
 * Level 7.8 Conjurations
 * Level 7.8 Hexes
 * Level 7.8 Summonings
 * Level 7.8 Necromancy
 * Level 7.8 Translocations
 * Level 7.8 Transmutations
 * Level 7.8 Fire Magic
 * Level 7.8 Ice Magic
 * Level 7.8 Air Magic
 * Level 7.8 Earth Magic
 * Level 7.8 Poison Magic


You knew the following spells:

 Your Spells              Type           Power      Damage    Failure   Level
a - Slow                  Hex            100%       N/A       5%          1
b - Passwall              Tmut/Erth      45%        N/A       7%          2
c - Hailstorm             Conj/Ice       54%        3d12      11%         3
d - Sigil of Binding      Hex            54%        N/A       11%         3
e - Anguish               Hex/Necr       27%        N/A       24%         4
Your spell library was empty.

Dungeon Overview and Level Annotations

Branches:
Dungeon (10/15)            Temple (0/1) D:7            Lair (2/5) D:9
    Orc (0/2) D:9         Ossuary (visited)
  Swamp: Lair:2-3    Shoals: Lair:2-3     Snake: Lair:2-3    Spider: Lair:2-3

Altars:
Makhleb
Xom

Shops:
D:5 *   D:7 *   D:9 :

Portals:
Gauntlet: Lair:2


Innate Abilities, Weirdness & Mutations

You are immune to sickness and miasma.
You are immune to poison.
Your flesh is almost immune to the effects of heat. (rF+++)
You are vulnerable to cold. (rC-)
You float through the air rather than walking.
You learn spells naturally, not from books.
Your magical power is your life essence.
You have superior vitality. (+4 MHP)
You have a pair of small horns on your head.
You possess an exceptional clarity of mind.
You are highly strong-willed. (Will++)
You are somewhat resistant to further mutation.
A frigid envelope surrounds you and freezes all who hurt you.
You are covered in fur. (AC +1)
You are resistant to electric shocks. (rElec)
Your muscles are strong. (Str +4, Int/Dex -1)
You are occasionally teleported next to monsters.
Your spells are much harder to cast, but much more powerful.
You expend health (3 HP) to strengthen your wands.


Message History

The komodo dragon bites you but does no damage.
The komodo dragon is very cold.
The komodo dragon seems to slow down.
The komodo dragon is moderately wounded.
You hit the komodo dragon but do no damage.
The komodo dragon is moderately wounded.
The komodo dragon bites you!!
* * * LOW HITPOINT WARNING * * *
The komodo dragon is very cold.
The komodo dragon is heavily wounded.
You are too injured to fight recklessly!
You slash the komodo dragon! You burn the komodo dragon.
The komodo dragon is almost dead.
Xom grants you insight.
You feel momentarily disoriented. You block the komodo dragon's attack.
You are too injured to fight recklessly!
You slash the komodo dragon!
You kill the komodo dragon!
You slash the cane toad!
The cane toad is moderately wounded.
The cane toad stings you!
* * * LOW HITPOINT WARNING * * *
The cane toad is very cold.
The cane toad seems to slow down.
The cane toad is heavily wounded.
You hit the cane toad.
The cane toad is poisoned.
The cane toad is heavily wounded.
The cane toad closely misses you.
You hit the cane toad.
The cane toad is severely wounded.
The cane toad stings you!
* * * LOW HITPOINT WARNING * * *
The cane toad is very cold.
The cane toad seems to slow down.
The cane toad is almost dead.
You hit the cane toad.
The cane toad seems to slow down.
You freeze the cane toad.
The cane toad is almost dead.
You closely miss the cane toad. Your headbutt misses the cane toad.
The cane toad is almost dead.
The cane toad stings you!
You die... "Huh?
Did I miss anything?"

******* ####### *,,,,,***
####...... **,,,,,,*
###......... *,,,,,,***
##*##..........# ***,,,,,,**
#.##.........### *,,,,,,,*
####......###### **,,,,,,**
#@##....###*** **,,,,,,**
##F..>..#***,**
**,,,,.?###.....P##*,,*,****
*,,,,........####,,,,,,,,,,
****,.......##***,,,,,,,,,,
*.....∩.## *,,,,,,,,,,,,
*.......,***,,,,,,,,,,,,
*##.....,**,^,,,,,,,,,,,
**,......,,,,,,,,,,,,,,,,


You could see a cane toad (very poisoned, slow).

Vanquished Creatures
  Gastronok (Lair:1)
  A hydra (Lair:2)
  An ugly thing (D:9)
  4 cane toads (Lair:1)
  2 black mambas (Lair:1)
  2 komodo dragons
  2 kobold demonologists (D:10)
  A queen bee (D:10)
  A polar bear (Lair:1)
  A troll (D:9)
  A hornet (D:9)
  4 blink frogs (Lair:2)
  20 yaks
  3 wyverns
  A human (shapeshifter) (D:9)
  4 vampire mosquitoes (D:10)
  Grum (Lair:1)
  A steam dragon (D:7)
  An acid dragon (D:10)
  7 water moccasins
  2 black bears
  5 ice beasts
  A sky beast (D:7)
  2 orc warriors
  An ogre (D:5)
  A wolf (shapeshifter) (Ossuary)
  3 wolves (Lair:1)
  3 centaurs
  A phantom (D:5)
  5 kobold brigands
  4 bullfrogs
  A gnoll sergeant (D:10)
  12 scorpions
  3 wights
  31 killer bees
  2 howler monkeys (D:10)
  A jelly (D:7)
  3 human zombies (Ossuary)
  5 orc priests
  3 hounds
  Crazy Yiuf (D:7)
  2 sleepcaps
  Jessica (D:2)
  3 iguanas
  6 orc wizards
  3 scorpion zombies (Ossuary)
  2 mummies (Ossuary)
  3 gnolls (D:10)
  10 adders
  2 shadow imps
  4 white imps
  2 ufetubi (D:5)
  4 worms (D:2)
  4 dart slugs
  33 orcs
  7 ball pythons
  6 endoplasms
  3 giant cockroaches
  7 goblins
  3 hobgoblins
  15 kobolds
  9 quokkas
  9 bats
  3 frilled lizards
  2 goblin zombies (Ossuary)
  A hobgoblin zombie (Ossuary)
  4 kobold zombies (Ossuary)
  2 orc zombies (Ossuary)
  7 rats
306 creatures vanquished.

Vanquished Creatures (collateral kills)
  A two-headed ogre (D:9)
  A wraith (D:5)
  Edmund (D:5)
  A water moccasin (D:5)
  A phantom (D:4)
  A scorpion (Ossuary)
  2 orc priests (D:4)
  A mummy (Ossuary)
  2 shadow imps
  A white imp (D:6)
12 creatures vanquished.

Vanquished Creatures (others)
  4 killer bees (D:10)
  An orc wizard (D:5)
  2 orcs (D:5)
7 creatures vanquished.

Grand Total: 325 creatures vanquished

Notes
Turn   | Place    | Note
-------+----------+-------------------------------------------
     0 | D:1      | Xavori the Djinni Chaos Knight began the quest for the Orb.
     0 | D:1      | Reached XP level 1. HP: 20/20 MP: 0/0
    66 | D:1      | XOM: silly message
    97 | D:1      | Reached XP level 2. HP: 18/25 MP: 0/0
   396 | D:1      | Reached XP level 3. HP: 29/30 MP: 0/0
   396 | D:1      | Learned a level 1 spell: Slow
   419 | D:1      | XOM: cloud trail
   570 | D:1      | XOM: give mutations
   570 | D:1      | Gained mutation: Your spells are a little harder to cast,
                  | but a little more powerful. [Xom's grace]
   570 | D:1      | Gained mutation: You have supernaturally acute eyesight.
                  | (SInv) [Xom's grace]
   570 | D:1      | Gained mutation: You are robust. (+10% HP) [Xom's grace]
   570 | D:1      | Gained mutation: Your spells are harder to cast, but more
                  | powerful. [Xom's grace]
   617 | D:1      | XOM: give mutations
   617 | D:1      | Lost mutation: Your spells are harder to cast, but more
                  | powerful. [Xom's mischief]
   617 | D:1      | Gained mutation: You are occasionally teleported next to
                  | monsters. [Xom's mischief]
  1541 | D:1      | XOM: stat loss: -1 Int (12/13)
  1622 | D:1      | XOM: summons 2 hostile demons
  1623 | D:1      | Noticed a chaos spawn
  1842 | D:2      | Reached skill level 1 in Spellcasting
  1842 | D:2      | Reached skill level 1 in Conjurations
  1842 | D:2      | Reached skill level 1 in Hexes
  1842 | D:2      | Reached skill level 1 in Summonings
  1842 | D:2      | Reached skill level 1 in Necromancy
  1842 | D:2      | Reached skill level 1 in Translocations
  1842 | D:2      | Reached skill level 1 in Transmutations
  1842 | D:2      | Reached skill level 1 in Fire Magic
  1842 | D:2      | Reached skill level 1 in Ice Magic
  1842 | D:2      | Reached skill level 1 in Air Magic
  1842 | D:2      | Reached skill level 1 in Earth Magic
  1842 | D:2      | Reached skill level 1 in Poison Magic
  2045 | D:1      | XOM: summons 2 hostile demons
  2046 | D:1      | Noticed a red devil
  2831 | D:1      | XOM: god gift: 2 boomerangs
  3094 | D:1      | XOM: cloud trail
  3369 | D:1      | XOM is BORED!
  3708 | D:1      | XOM: give mutations
  3708 | D:1      | Gained mutation: You are often teleported next to monsters.
                  | [Xom's mischief]
  3708 | D:1      | Gained mutation: You are strong-willed. (Will+) [Xom's
                  | mischief]
  3708 | D:1      | Gained mutation: You are dopey. (Int -2) [Xom's mischief]
  3708 | D:1      | Lost mutation: You have supernaturally acute eyesight.
                  | (SInv) [Xom's mischief]
  3808 | D:1      | XOM: cloud trail
  5336 | D:1      | XOM: summons 2 hostile demons
  5363 | D:2      | XOM: summons 2 hostile demons
  5374 | D:2      | Noticed Jessica
  5386 | D:2      | Killed Jessica
  5387 | D:2      | Reached XP level 4. HP: 27/38 MP: 0/0
  5593 | D:2      | XOM: smoke on damage
  5626 | D:2      | XOM: give mutations
  5626 | D:2      | Gained mutation: Your spells are harder to cast, but more
                  | powerful. [Xom's grace]
  5626 | D:2      | Gained mutation: A frigid envelope surrounds you and
                  | freezes all who hurt you. [Xom's grace]
  5626 | D:2      | Gained mutation: You are agile. (Dex +4, Str/Int -1) [Xom's
                  | grace]
  5626 | D:2      | Gained mutation: You expend health (3 HP) to strengthen
                  | your wands. [Xom's grace]
  5904 | D:3      | XOM: enchant monster (good)
  5911 | D:3      | Reached skill level 3 in Dodging
  5911 | D:3      | Reached XP level 5. HP: 43/44 MP: 0/0
  5911 | D:3      | Learned a level 2 spell: Passwall
  5923 | D:3      | Found a burning altar of Makhleb.
  5947 | D:3      | XOM: fog
  6558 | D:3      | Reached XP level 6. HP: 51/51 MP: 0/0
  6650 | D:4      | Noticed a black bear
  6655 | D:4      | Killed a black bear
  6656 | D:4      | Reached XP level 7. HP: 52/57 MP: 0/0
  6656 | D:4      | Learned a level 3 spell: Hailstorm
  6884 | D:4      | XOM: enchant monster (good)
  6888 | D:4      | Reached skill level 4 in Dodging
  7075 | D:4      | XOM: butterfly on damage
  7199 | D:4      | XOM: give mutations
  7199 | D:4      | Gained mutation: You are highly strong-willed. (Will++)
                  | [Xom's grace]
  7199 | D:4      | Gained mutation: You are resistant to electric shocks.
                  | (rElec) [Xom's grace]
  7312 | D:5      | Entered Level 5 of the Dungeon
  7312 | D:5      | XOM: divination: detect creatures
  7330 | D:5      | Reached XP level 8. HP: 49/63 MP: 0/0
  7354 | D:5      | Found a sand-covered staircase.
  7421 | D:5      | XOM: give mutations
  7421 | D:5      | Gained mutation: Your spells are much harder to cast, but
                  | much more powerful. [Xom's grace]
  7421 | D:5      | Gained mutation: You possess an exceptional clarity of
                  | mind. [Xom's grace]
  7476 | D:5      | XOM: divine lightning
  7490 | D:5      | XOM: cleaving
  7492 | D:5      | XOM: summons 3 hostile shadow creatures
  7562 | Ossuary  | Entered an ossuary
  7609 | Ossuary  | Reached skill level 5 in Fighting
  7633 | Ossuary  | Reached skill level 5 in Dodging
  7704 | Ossuary  | XOM: summons 2 friendly demons
  7712 | Ossuary  | XOM: god gift: runed helmet {god gift}
  7757 | Ossuary  | XOM: fog
  7764 | Ossuary  | Reached XP level 9. HP: 71/71 MP: 0/0
  7764 | Ossuary  | Learned a level 3 spell: Sigil of Binding
  7765 | Ossuary  | XOM: summons friendly white imp
  7773 | Ossuary  | Reached skill level 5 in Long Blades
  7908 | Ossuary  | a scorpion changed into a glowing shapeshifter
  7908 | Ossuary  | Noticed a glowing shapeshifter (glowing shapeshifter)
  7908 | Ossuary  | a glowing shapeshifter changed into a mana viper
  7908 | Ossuary  | Noticed a mana viper (glowing shapeshifter)
  7909 | Ossuary  | a mana viper changed into a snapping turtle
  7909 | Ossuary  | Noticed a snapping turtle (glowing shapeshifter)
  7910 | Ossuary  | a snapping turtle changed into an orb spider
  7910 | Ossuary  | Noticed an orb spider (glowing shapeshifter)
  7914 | Ossuary  | an orb spider changed into a mana viper
  7914 | Ossuary  | Noticed a mana viper (glowing shapeshifter)
  7915 | Ossuary  | Lost mutation: You are robust. (+10% HP) [potion of
                  | mutation]
  7915 | Ossuary  | Lost mutation: You are often teleported next to monsters.
                  | [potion of mutation]
  7915 | Ossuary  | Lost mutation: You are agile. (Dex +4, Str/Int -1) [potion
                  | of mutation]
  7915 | Ossuary  | Gained mutation: Your flesh is almost immune to the effects
                  | of heat. (rF+++) [potion of mutation]
  7915 | Ossuary  | Gained mutation: You have a pair of small horns on your
                  | head. [potion of mutation]
  7915 | Ossuary  | Gained mutation: You are covered in fur. (AC +1) [potion of
                  | mutation]
  7919 | Ossuary  | a mana viper changed into an elephant
  7919 | Ossuary  | Noticed an elephant (glowing shapeshifter)
  7920 | Ossuary  | XOM: cleaving
  7921 | Ossuary  | an elephant changed into a snapping turtle
  7921 | Ossuary  | Noticed a snapping turtle (glowing shapeshifter)
  7927 | Ossuary  | a snapping turtle changed into an eye of devastation
  7927 | Ossuary  | Noticed an eye of devastation (glowing shapeshifter)
  8136 | D:5      | Noticed Edmund
  8142 | D:5      | XOM: summons 2 friendly demons
  8150 | D:5      | Killed Edmund
  8151 | D:5      | Reached skill level 5 in Armour
  8278 | D:5      | XOM: summons 2 friendly demons
  8291 | D:5      | Reached skill level 6 in Dodging
  8486 | D:5      | XOM: scenery: summon butterflies
  8488 | D:5      | XOM: destruction
  8760 | D:5      | XOM: god gift: staff of death
  8801 | D:5      | XOM: cloud trail
  8948 | D:5      | Found Coingiwo's Fire Supplies.
  9081 | D:6      | XOM: destruction
  9087 | D:6      | XOM: scenery: create altars
  9111 | D:6      | XOM: summons friendly ufetubus
  9119 | D:6      | Reached XP level 10. HP: 72/72 MP: 0/0
  9274 | D:6      | Identified the +8 long sword "Riderch" {heavy, Will++
                  | rCorr} (Xom gifted it to you on level 6 of the Dungeon)
  9274 | D:6      | XOM: god gift: +8 long sword "Riderch" {chaos, Will++
                  | rCorr}
  9605 | D:7      | Found Nomnaan's Gadget Gallery.
  9632 | D:7      | Reached skill level 5 in Spellcasting
  9632 | D:7      | Reached skill level 5 in Conjurations
  9632 | D:7      | Reached skill level 5 in Hexes
  9632 | D:7      | Reached skill level 5 in Summonings
  9632 | D:7      | Reached skill level 5 in Necromancy
  9632 | D:7      | Reached skill level 5 in Translocations
  9632 | D:7      | Reached skill level 5 in Transmutations
  9632 | D:7      | Reached skill level 5 in Fire Magic
  9632 | D:7      | Reached skill level 5 in Ice Magic
  9632 | D:7      | Reached skill level 5 in Air Magic
  9632 | D:7      | Reached skill level 5 in Earth Magic
  9632 | D:7      | Reached skill level 5 in Poison Magic
  9637 | D:7      | XOM: enchant monster (good)
  9814 | D:7      | Found a staircase to the Ecumenical Temple.
  9847 | D:7      | XOM: cast spell 'Summon Dragon'
  9896 | D:7      | XOM: draining
  9953 | D:7      | XOM: divination: detect creatures
  9993 | D:7      | Reached skill level 7 in Dodging
 10070 | D:7      | Found a runed translucent door.
 10071 | D:7      | Noticed Crazy Yiuf
 10270 | D:7      | Killed Crazy Yiuf
 10315 | D:8      | XOM: god gift: scroll of teleportation
 10331 | Abyss:1  | Cast into level 1 of the Abyss (wight)
 10331 | D:7      | Escaped the Abyss
 10331 | D:7      | XOM: revert banishment
 10872 | D:8      | XOM: give mutations
 10872 | D:8      | Gained mutation: Your muscles are strong. (Str +4, Int/Dex
                  | -1) [Xom's grace]
 10872 | D:8      | Gained mutation: You are somewhat resistant to further
                  | mutation. [Xom's grace]
 10872 | D:8      | Lost mutation: You are dopey. (Int -2) [Xom's grace]
 11009 | D:9      | XOM: polymorph killer bee -> shapeshifter
 11108 | D:9      | Found a staircase to the Orcish Mines.
 11149 | D:9      | Found a staircase to the Lair.
 11187 | D:9      | XOM: god gift: javelin
 11213 | D:9      | XOM: god gift: 30 gold pieces
 11447 | D:9      | XOM: 2-stop teleportation journey
 11524 | D:9      | Noticed a red ugly thing
 11535 | D:9      | Killed a red ugly thing
 11536 | D:9      | Reached skill level 1 in Shields
 11707 | D:9      | XOM: cleaving
 11710 | D:9      | Reached XP level 11. HP: 79/79 MP: 0/0
 11710 | D:9      | Learned a level 4 spell: Anguish
 11765 | D:9      | XOM: fog
 11779 | D:9      | XOM: summons friendly quasit
 11787 | D:9      | XOM: summons 2 friendly demons
 11968 | D:9      | Found Wefotomuk's Book Shop.
 11986 | D:9      | Noticed a two-headed ogre
 11994 | D:9      | Killed a two-headed ogre
 11995 | D:9      | Reached skill level 8 in Dodging
 12207 | D:10     | Entered Level 10 of the Dungeon
 12285 | D:10     | XOM: fog
 12288 | D:10     | XOM: destruction
 12290 | D:10     | XOM: enchant monster (good)
 12354 | D:10     | XOM: potion effect (berserk rage)
 12587 | D:10     | XOM: polymorph kobold -> ball python
 12592 | D:10     | XOM: polymorph iron imp -> crimson imp
 12595 | D:10     | XOM: scenery: summon butterflies
 12596 | D:10     | XOM: cast spell 'Summon Dragon'
 12602 | D:10     | XOM: cast spell 'Summon Small Mammal'
 12663 | D:10     | XOM: confuse monster(s)
 12930 | D:10     | XOM: potion effect (haste)
 13319 | Lair:1   | Entered Level 1 of the Lair of Beasts
 13330 | Lair:1   | XOM: enchant monster (bad)
 13345 | Lair:1   | Noticed Grum
 13345 | Lair:1   | Noticed Gastronok
 13345 | Lair:1   | XOM: 8-stop teleportation journey
 13392 | Lair:1   | Killed Grum
 13393 | Lair:1   | Reached XP level 12. HP: 65/87 MP: 0/0
 13442 | Lair:1   | XOM: 1-stop teleportation journey
 13563 | Lair:1   | XOM: silly message
 13566 | Lair:1   | Identified the +0 ring mail of Card Tricks {rN+}
 13578 | Lair:1   | XOM: enchant monster (good)
 13583 | Lair:1   | HP: 4/87 [Gastronok/the air (18)]
 13692 | Lair:1   | XOM: divination: magic mapping
 13698 | Lair:1   | XOM: silly message
 13786 | Lair:1   | XOM: enchant monster (bad)
 14056 | Lair:1   | XOM: enchant monster (good)
 14083 | Lair:1   | Killed Gastronok
 14084 | Lair:1   | Reached skill level 9 in Dodging
 14140 | Lair:1   | XOM: summons friendly ufetubus
 14199 | Lair:1   | XOM: god gift: flail {god gift}
 14385 | Lair:1   | XOM: god gift: scroll of fear
 14494 | Lair:1   | XOM: cloud trail
 14671 | Gauntlet | Identified the "Ezuin"
 14671 | Gauntlet | Identified the "Nariah Yriu"
 14671 | Lair:2   | XOM: enchant monster (good)
 14675 | Lair:2   | Noticed a seven-headed hydra
 14678 | Lair:2   | XOM: enchant monster (good)
 14683 | Lair:2   | Reached skill level 5 in Shields
 14684 | Lair:2   | XOM: divination: detect items
 14686 | Lair:2   | Killed a seven-headed hydra
 14839 | Lair:2   | Found a gate leading to a gauntlet.
 14851 | Lair:2   | XOM: divination: magic mapping
 14857 | Lair:2   | Slain by a cane toad

Illustrated notes

Levels and vault maps discovered:
D:1:      minmay_arrival_loop, layout_basic, dk_noncrumbling_3
D:2:      layout_rooms, uniq_jessica
D:3:      layout_loops_ring, bloody_makhleb, grunt_decor_mini_mirrors,
          serial_bayou_pond_e
D:4:      layout_rooms, serial_forest, infiniplex_forest_clump_diagonal,
          infiniplex_forest_lined_corner, infiniplex_forest_lined_1,
          infiniplex_forest_end_2, infiniplex_forest_lined_corner,
          infiniplex_forest_lined_room_2
D:5:      minmay_recursive_quarters, layout_basic,
          nicolae_ossuary_entry_false_entrances, nicolae_shop_fire_sale
          [nicolae_sub_dead_trees], minmay_misc_feat_five,
          hangedman_decor_riveting, uniq_edmund
D:6:      layout_cave_pools
D:7:      layout_basic, minmay_temple_entry_mist, nicolae_shop_gadgets,
          uniq_crazy_yiuf_cottage
D:8:      layout_rooms
D:9:      layout_loops_corners, lair_entry_dummy, orc_0_dummy, serial_shops,
          kennysheep_little_box
D:10:     layout_rooms, special_room [special_room_bee]
Lair:1:   statuecave_lemuel, layout_hall_layers, grunt_megastairs_3,
          uniq_gastronok, uniq_grum
Lair:2:   beast_lair_carwin_large_4, layout_hall_layers, gauntlet_entry_generic,
          guppyfry_lair_drakes

Skill      XL: |  1  2  3  4  5  6  7  8  9 10 11 12 |
---------------+-------------------------------------+-----
Long Blades    | 3 4 5 6 7 8 |  8.1
Spellcasting   | 1 2 3 4 5 7 |  7.8
Conjurations   | 1 2 3 4 5 7 |  7.8
Hexes          | 1 2 3 4 5 7 |  7.8
Summonings     | 1 2 3 4 5 7 |  7.8
Necromancy     | 1 2 3 4 5 7 |  7.8
Translocations | 1 2 3 4 5 7 |  7.8
Transmutations | 1 2 3 4 5 7 |  7.8
Fire Magic     | 1 2 3 4 5 7 |  7.8
Ice Magic      | 1 2 3 4 5 7 |  7.8
Air Magic      | 1 2 3 4 5 7 |  7.8
Earth Magic    | 1 2 3 4 5 7 |  7.8
Poison Magic   | 1 2 3 4 5 7 |  7.8
Armour         | 2 3 4 5 6 7 8 |  8.4
Dodging        | 3 4 5 6 7 8 9 |  9.4
Fighting       | 4 5 6 7 8 |  8.9
Shields        | 1 3 5 |  5.2

Action                     |  1- 3 |  4- 6 |  7- 9 | 10-12 || total
---------------------------+-------+-------+-------+-------++-------
  Melee: Falchion          |   110 |   100 |   265 |     6 ||   481
         Punch             |     2 |       |     2 |     1 ||     5
         Headbutt          |       |       |    16 |    87 ||   103
         Long sword        |       |       |       |   411 ||   411
   Cast: Hailstorm         |       |       |       |     6 ||     6
         Slow              |       |       |       |     1 ||     1
  Evoke: Wand              |       |       |     1 |     4 ||     5
    Use: Scroll            |       |     1 |    11 |     6 ||    18
         Potion            |       |       |     2 |       ||     2
   Stab: Paralysed         |       |     3 |       |     4 ||     7
         Sleeping          |       |     1 |       |     1 ||     2
         Distracted        |       |     1 |     2 |       ||     3
         Petrifying        |       |       |     2 |       ||     2
         Confused          |       |       |       |     1 ||     1
         Petrified         |       |       |       |    19 ||    19
 Armour: Leather armour    |    79 |    59 |   169 |   248 ||   555
         Skin              |       |       |       |     1 ||     1
  Dodge: Dodged            |    92 |    70 |   204 |   335 ||   701
  Block: Buckler           |       |       |       |    76 ||    76

Table legend: (Time is in decaauts)
 A = Elapsed time spent in this place.
 B = Non-inter-level travel time spent in this place.
 C = Inter-level travel time spent in this place.
 D = Time resting spent in this place.
 E = Time spent auto-exploring this place.
 F = Levels seen in this place.
 G = Mean time per level.
                   A        B        C        D        E       F      G
               +--------+--------+--------+--------+--------+-----+--------+
         Total |  14954 |  14597 |    357 |   6190 |   6214 |  14 | 1068.1 |
       Dungeon |  12863 |  12513 |    350 |   5561 |   5368 |  10 | 1286.3 |
          Lair |   1546 |   1540 |      6 |    629 |    559 |   2 |  773.0 |
         Abyss |      0 |      0 |      0 |      0 |      0 |   1 |    0.0 |
       Ossuary |    545 |    545 |      0 |      0 |    287 |   1 |  545.0 |
               +--------+--------+--------+--------+--------+-----+--------+

Top non-repeatable levels by time:
     D:1: 4963 daAuts
  Lair:1: 1359 daAuts
     D:9: 1258 daAuts
     D:5: 1247 daAuts
    D:10: 1066 daAuts
     D:2: 969 daAuts
     D:7: 935 daAuts
     D:3: 811 daAuts
     D:4: 607 daAuts
 Ossuary: 545 daAuts
     D:6: 537 daAuts
     D:8: 466 daAuts
  Lair:2: 186 daAuts
